 Dungeon Crawl Stone Soup version 0.31.0-32-g396128a36d (webtiles) character file.

Game seed: 13704380578632980433

0 Peloso the Shield-Bearer (level 1, 0/5 HPs)
             Began as a Minotaur Fighter on Apr 16, 2024.
             Slain by a jackal (1 damage)
             ... on level 1 of the Dungeon.
             The game lasted 00:00:18 (164 turns).

Peloso the Shield-Bearer (Minotaur Fighter)          Turns: 164, Time: 00:00:18

Health: 0/5        AC:  0    Str: 20    XL:     1   Next: 8%
Magic:  0/0        EV: 15    Int:  5    God:
Gold:   0          SH:  0    Dex:  9    Spells: 0/0 levels left

rFire   . . .        a - melded +0 long sword
rCold   . . .        c - melded +0 buckler
rNeg    . . .        b - melded +0 scale mail
rPois   .            (helmet restricted)
rElec   .            (no cloak)
rCorr   .            (no gloves)
SInv    .            (no boots)
Will    .....        (no amulet)
Stlth   +            (no ring)
HPRegen 0.20/turn    (no ring)
MPRegen 0.07/turn

%: no passive effects
@: flux-form, glowing
A: glow, contaminating, reduced hp, horns 2, retaliatory headbutt
a: Begin Untransformation


You were on level 1 of the Dungeon.
You were something dangerously unstable.
You visited 1 branch of the dungeon, and saw 1 of its levels.

Inventory:

Hand Weapons
 a - a +0 long sword (melded)
Armour
 b - a +0 scale mail (melded)
 c - a +0 buckler (melded)
Talismans
 f - a flux talisman (active)
Scrolls
 e - a scroll of poison {unknown}
Potions
 d - a potion of might


   Skills:
 + Level 3.6 Fighting
 + Level 2.4 Long Blades
 + Level 3.6 Armour
 + Level 3.7 Shields


You couldn't memorise any spells.
You didn't know any spells.
Your spell library contained the following spells:

 Spells                   Type           Power      Damage    Failure   Level
 Volatile Blastmotes      Fire/Tloc      0%         2d10      85%         3
 Fulminant Prism          Conj/Alch      0%         3d5       99%         4
 Iskenderun's Mystic Bla  Conj/Tloc      0%         2d3       99%         4


Dungeon Overview and Level Annotations

Branches:
Dungeon (1/15)

Altars:


Innate Abilities, Weirdness & Mutations

You are something dangerously unstable.
You glow with magical radiation, making you easy to see and hit.
Foes you strike become dangerously contaminated with magical radiation.
Your maximum health is decreased, since you lack skill for your form.
You are incapable of wielding weapons or throwing items.
You have a pair of horns on your head.
You reflexively headbutt those who attack you in melee.


Message History

You see here a flux talisman.
You see here a flux talisman.
You pick up a book of Blasting and begin reading...
You add the spells Volatile Blastmotes, Fulminant Prism and Iskenderun's Mystic Blast to your library.
A kobold comes into view. It is wielding a +0 club.
Found a sling.
The kobold shouts!
A kobold is nearby!
A kobold is nearby!
The kobold hits you with a +0 club.
You hit the kobold.
You kill the kobold!
Things that are here:
a +0 club; a kobold corpse You see here a flux talisman.
f - a flux talisman You begin transforming.
You continue transforming. x3
You turn into something dangerously unstable.
Your +0 long sword melds into your body.
Your +0 buckler melds into your body.
Your +0 scale mail melds into your body.
HP restored.
You start waiting.
Done waiting.
A jackal comes into view.
The jackal barks!
You hear a shout!
The jackal moves out of view.
A jackal comes into view.
A hobgoblin comes into view.
A kobold comes into view. It is wielding a +0 club.
Found a stone staircase leading down.
The jackal barks!
The jackal misses you. The jackal attacks as it pursues you!
The jackal bites you. The jackal barely misses you.
The jackal closely misses you. The jackal attacks as it pursues you!
The jackal bites you. The jackal attacks as it pursues you!
The jackal misses you. The jackal attacks as it pursues you!
The jackal bites you.
* * * LOW HITPOINT WARNING * * *
The jackal bites you.
You die...

#..........
#>.......####
#....#......#
#...P.......#
#..♣.♣...K..# #
♣♣.Pg....# #.# .
♣♣P.....# #.# .♣
♣♣.hh..## #.###.♣♣
♣...p...# . #......♣
♣.......#
).##......♣♣♣.P#.##.#
..#.......P♣PP.#.# .#
...........♣P.##.# .#
....)##.##..P.##.##
........##.#P.....##
...........##......#
.............+++'++..#


You could see 2 jackals, a hobgoblin and a kobold.

Vanquished Creatures
  A kobold (D:1)
1 creature vanquished.

Notes
Turn   | Place    | Note
-------+----------+-------------------------------------------
     0 | D:1      | Peloso the Minotaur Fighter began the quest for the Orb.
     0 | D:1      | Reached XP level 1. HP: 19/19 MP: 0/0
   164 | D:1      | Slain by a jackal

Illustrated notes

Levels and vault maps discovered:
D:1:      lightli_arrival_maybe_door_vault, layout_rooms,
          shapermc_ecumenical_altar_mp_ritualfount, serial_forest,
          infiniplex_forest_clump_large, infiniplex_forest_clump_long,
          infiniplex_forest_end_2, infiniplex_forest_corner_2,
          infiniplex_forest_3_way, infiniplex_forest_lined_2,
          infiniplex_forest_lined_corner

Action                     || total
---------------------------++-------
  Melee: Long sword        ||     1
 Armour: Skin              ||     4
         Scale mail        ||     1
  Dodge: Dodged            ||     4
   Form: Flux              ||     1
